 Dungeon Crawl Stone Soup version 0.17-a0-1176-g3d5a0d0 (webtiles) character file.

20 Hanyuu the Insei (level 2, -3/18 HPs)
             Began as an Octopode Transmuter on May 31, 2015.
             Slain by an adder (4 damage)
             ... on level 2 of the Dungeon.
             The game lasted 00:02:09 (1195 turns).

Hanyuu the Insei (Octopode Transmuter)              Turns: 1195, Time: 00:02:09

Health: -3/18      AC:  1    Str:  9    XL:     2   Next: 79%
Magic:  4/5        EV: 12    Int: 15    God:
Gold:   4          SH:  0    Dex: 12    Spells: 1 memorised, 4 levels left

rFire  + + .     SeeInvis .       - Unarmed
rCold  x . .     Clarity  .     (no shield)
rNeg   . . .     SustAt   .     (helmet restricted)
rPois  .         Gourm    .     (no amulet)
rElec  .         Spirit   .     m - ring of protection from fire
rCorr  .         Warding  .     n - ring of fire
rMut   .         Stasis   .     (no ring)
MR     .....                    (no ring)
Stlth  ++........               (no ring)
                                (no ring)
                                (no ring)
                                (no ring)

@: lethally poisoned (-3 -> -8), appendage, not resistant to hostile
enchantments, unstealthy
A: almost no armour, amphibious, 8 rings, constrict 8, tentacle spike 3,
camouflage 1, gelatinous body 1
a: End Transformation


You were on level 2 of the Dungeon.
You were not hungry.
One of your tentacles had a temporary spike.
You visited 1 branch of the dungeon, and saw 2 of its levels.

You collected 4 gold pieces.

Inventory:

Missiles
 a - 12 arrows
 k - 10 poisoned needles
Jewellery
 m - a ring of protection from fire (left tentacle)
 n - a ring of fire (right tentacle)
Scrolls
 d - 2 scrolls of recharging {unknown}
 e - 3 scrolls of enchant weapon {unknown}
 o - a scroll of remove curse {unknown}
Potions
 g - a potion of lignification {unknown}
 i - a potion of might {unknown}
Books
 b - a book of Changes

   Spells                             Type                      Level
   a - Beastly Appendage              Transmutation                1
   b - Sticks to Snakes               Transmutation                2
   c - Spider Form                    Transmutation/Poison         3
   d - Ice Form                       Ice/Transmutation            4
   e - Blade Hands                    Transmutation                5
Comestibles
 c - 2 bread rations
 f - a slice of pizza
 h - 4 fruits
 j - a meat ration
 l - 5 chunks of flesh


   Skills:
 - Level 1.0 Fighting
 - Level 2.0 Dodging
 + Level 4.0 Unarmed Combat
 - Level 2.0 Spellcasting
 - Level 2.0 Transmutations


You had 4 spell levels left.
You knew the following spells:

 Your Spells              Type           Power        Failure   Level  Hunger
a - Beastly Appendage     Trmt           #.....       12%         1    #......


Dungeon Overview and Level Annotations

Branches:
Dungeon (2/15)

Altars:

Annotations:
D:2 1 exclusion, Jessica


Innate Abilities, Weirdness & Mutations

You cannot wear most types of armour.
You are amphibious.
You can wear up to eight rings at the same time.
You can use your tentacles to constrict eight enemies at once.
Your skin changes colour to match your surroundings (Stealth).
Your rubbery body absorbs attacks (AC +1).
One of your tentacles bears a large vicious spike.


Message History

The adder bites you. The quokka barely misses you.
The adder closely misses you. The quokka closely misses you.
You closely miss the adder. Your grab misses the adder. The adder bites you.
You are poisoned.
The adder poisons you! The quokka barely misses you.
You miss the adder. Your grab misses the adder.
You feel sick. The adder bites you.
The quokka twitches its whiskers.
The quokka completely misses you.
You barely miss the adder. Your grab misses the adder. The adder bites you.
The quokka bites you.
* * * LOW HITPOINT WARNING * * *
You are too injured to fight recklessly!
Drink which item? (? for menu, Esc to quit)
Okay, then.
You tentacle-slap the adder but do no damage.
You grab the adder. You constrict the adder.
* * * LOW HITPOINT WARNING * * *
You feel sick. The adder bites you.
You die...

#.........####.##..#.###...รท.
#...........##..##..#.# #.....
...............#..##..<#.######..
...............#.##..#.#..#####..
##...............................
...............#.#..........).#..
##..#..........#...#............#
#.###............##.............
.#........@####.##.....####
..#...rS# #.........#
..#.#........#.....##
........#.........# .........?
...#...# ...#..##... ..##.. ...
.. ... ....


You could see an adder and a quokka.

Vanquished Creatures
  A worm (D:2)
  A bat (D:1)
  2 giant cockroaches (D:1)
  5 hobgoblins
  2 jackals (D:1)
  A goblin (D:1)
  A kobold (D:2)
  3 rats
16 creatures vanquished.

Notes
Turn   | Place    | Note
--------------------------------------------------------------
     0 | D:1      | Hanyuu the Octopode Transmuter began the quest for the Orb.
     0 | D:1      | Reached XP level 1. HP: 13/13 MP: 3/3
   653 | D:1      | Reached XP level 2. HP: 12/18 MP: 5/5
  1159 | D:2      | Noticed Jessica
  1178 | D:2      | Reached skill level 4 in Unarmed Combat
  1195 | D:2      | Slain by an adder

Vault maps used:
D:1:      ncdulo_lavacross, item_on_display_a
D:2:      uniq_jessica, uniq_terence

Action                   || total
-------------------------++-------
Melee: Unarmed           ||    43
 Cast: Beastly Appendage ||     2
 Stab: Sleeping          ||     6
  Eat: Chunk             ||     1
